Map: Ascension to Aiur LE

Players

Railgan - Winner!

  • Race: Zerg Zerg
  • League: Grandmaster
  • Spawn Location: 11:00

Maneater

  • Race: Terran Terran
  • League: Grandmaster
  • Spawn Location: 5:00

VOD

https://youtu.be/zqoPWScjCig

Description

Time

  • Played on: Dec. 25, 2017, 8:39 a.m.
  • Length: 9:32
Show
View Real Time Build Order
Export as new Build Order

Railgan Zerg - Winner!

Build Orders: Pool First, Muta Ling Bane 

Get SALT Encoding   

  12  0:01  Drone  
  13  0:12  Overlord  
  13  0:17  Drone  
  14  0:30  Drone x2  
  14  0:34  Drone  
  17  0:46  Spawning Pool  
  17  0:48  Drone  
  17  0:56  Drone  
  18  1:12  Hatchery  
  18  1:13  Extractor  
  18  1:18  Drone  
  17  1:19  Drone  
  18  1:33  Queen, Zergling x2  
  18  1:38  Drone  
  22  1:49  Overlord  
  22  2:07  Drone  
  23  2:09  Queen  
  23  2:11  Drone  
  26  2:20  Metabolic Boost  
  26  2:23  Zergling x2  
  26  2:24  Queen  
  26  2:25  Drone  
  30  2:38  Drone x2  
  32  2:47  Overlord  
  32  2:48  Drone x3  
  35  2:57  Drone  
  35  2:58  Overlord  
  36  3:05  Lair  
  35  3:06  Drone  
  35  3:08  Drone  
  37  3:13  Drone  
  37  3:19  Drone  
  41  3:20  Drone x2  
  41  3:21  Extractor  
  41  3:22  Extractor  
  41  3:25  Baneling Nest  
  38  3:28  Drone x3  
  38  3:31  Queen  
  43  3:36  Overlord  
  43  3:46  Zergling x2  
  43  3:47  Zergling x2  
  45  3:52  Zergling x4  
  45  3:53  Drone  
  48  3:59  Drone x2  
  48  4:02  Drone x2  
  52  4:13  Drone  
  52  4:14  Drone x4  
  57  4:18  Extractor  
  57  4:24  Spire  
  55  4:26  Baneling x3  
  55  4:27  Baneling x3  
  55  4:32  Drone x4  
  59  4:39  Zergling x2  
  59  4:44  Spore Crawler  
  59  4:45  Spore Crawler  
  59  4:52  Overlord  
  58  4:53  Overlord  
  58  4:55  Zergling x4  
  59  5:07  Hatchery  
  59  5:10  Overseer  
  59  5:14  Drone x2  
  60  5:18  Zergling x4  
  60  5:21  Spore Crawler  
  61  5:23  Centrifical Hooks  
  61  5:25  Overlord  
  60  5:35  Drone x2  
  58  5:36  Drone  
  58  5:38  Drone  
  58  5:39  Drone x2  
  60  5:44  Drone x4  
  60  5:47  Overlord  
  64  5:53  Overlord  
  64  6:05  Mutalisk x4  
  64  6:09  Mutalisk  
  74  6:14  Mutalisk x2  
  74  6:16  Mutalisk  
  79  6:28  Mutalisk  
  79  6:30  Zergling x8  
  85  6:33  Zergling x2  
  86  6:45  Zergling x2  
  86  6:46  Zergling x10  
  92  7:02  Zergling x10  
  92  7:03  Overlord  
  92  7:04  Overlord x3  
  92  7:05  Baneling x12  
  92  7:06  Baneling  
  97  7:10  Overlord  
  93  7:29  Zergling x2  
  93  7:30  Zergling x12  
  93  7:33  Zergling x2  
  93  7:34  Zergling x2  
  93  7:36  Zergling x2  
  101  7:40  Mutalisk x5  
  101  7:42  Zergling x2  
  90  7:59  Mutalisk x2  
  90  8:04  Zergling x2  
  90  8:05  Zergling x12  
  95  8:19  Zergling x2  
  95  8:20  Zergling x14  
  95  8:23  Zergling x2  
  102  8:27  Baneling x3  
  102  8:31  Zergling x2  
  102  8:32  Drone  
  104  8:36  Evolution Chamber  
  104  8:37  Baneling, Evolution Chamber  
  104  8:38  Baneling x14  
  100  8:59  Baneling x9  
  100  9:02  Zergling x12  
  106  9:03  Zergling x4  
Show
View Real Time Build Order
Export as new Build Order

Maneater Terran 

Build Orders: Reaper Expand, MMM Bio, Banshee Rush 

Get SALT Encoding   

  12  0:00  SCV  
  13  0:12  SCV  
  14  0:17  Supply Depot  
  14  0:25  SCV  
  15  0:31  Refinery  
  15  0:38  SCV  
  16  0:45  Barracks  
  16  0:50  SCV  
  17  1:02  SCV  
  18  1:14  SCV  
  19  1:32  Orbital Command  
  19  1:33  Reaper  
  20  1:43  Command Center  
  20  1:57  SCV, Factory  
  21  2:08  Barracks Reactor  
  21  2:09  Supply Depot, SCV  
  22  2:21  SCV, Refinery  
  23  2:33  SCV  
  24  2:45  SCV  
  24  2:48  Starport  
  25  2:53  Hellion  
  25  2:54  Hellion  
  29  3:04  Barracks Tech Lab  
  29  3:05  SCV  
  29  3:15  Hellion  
  29  3:19  SCV, Hellion, Orbital Command  
  34  3:30  Viking  
  34  3:31  Cloaking Field, SCV  
  37  3:47  SCV x2  
  39  3:51  Supply Depot  
  39  4:00  SCV x2  
  39  4:02  Banshee  
  44  4:12  SCV  
  44  4:15  Command Center  
  44  4:20  Supply Depot, SCV  
  44  4:23  Barracks Tech Lab  
  44  4:24  Supply Depot  
  45  4:32  Barracks  
  45  4:36  Factory Reactor, Barracks  
  45  4:38  SCV  
  46  4:41  SCV  
  46  4:45  Stimpack, Marine  
  48  4:53  SCV x2  
  49  5:04  Engineering Bay  
  49  5:05  SCV, Marine  
  49  5:06  Engineering Bay  
  51  5:07  Viking  
  51  5:11  SCV  
  54  5:17  SCV  
  55  5:22  Marine x2  
  55  5:23  Siege Tank  
  55  5:28  Orbital Command  
  60  5:29  Refinery x2  
  60  5:40  SCV x2  
  60  5:41  Marine x4  
  60  5:42  Starport Reactor, Marine  
  67  5:52  SCV  
  67  5:53  SCV  
  69  5:58  Missile Turret  
  69  5:59  Marine x5  
  69  6:00  Orbital Command  
  74  6:05  SCV x2  
  74  6:08  Supply Depot  
  76  6:12  Terran Infantry Armor Level 1, Terran Infantry Weapons Level 1  
  76  6:16  Marine  
  76  6:17  SCV, Marine x3, Siege Tank  
  85  6:18  SCV  
  85  6:30  Supply Depot, SCV x3  
  88  6:35  Supply Depot, Medivac  
  88  6:38  Medivac  
  92  6:42  SCV  
  92  6:44  Supply Depot  
  92  6:45  Supply Depot  
  93  6:52  SCV x2  
  95  6:56  Armory  
  95  6:58  Missile Turret  
  95  6:59  SCV  
  95  7:00  Missile Turret  
  92  7:01  Combat Shields  
  92  7:04  SCV  
  92  7:07  SCV, Missile Turret  
  94  7:12  SCV  
  94  7:14  Missile Turret  
  95  7:16  SCV  
  95  7:20  SCV  
  90  7:24  SCV  
  90  7:28  SCV  
  91  7:32  SCV  
  91  7:34  Marine  
  91  7:35  Supply Depot, Marine x3  
  91  7:36  Supply Depot, SCV  
  97  7:39  Barracks x2  
  97  7:40  SCV  
  97  7:44  SCV  
  99  7:48  SCV  
  93  7:53  SCV  
  93  7:56  SCV  
  76  7:59  Marine x5  
  76  8:00  SCV  
  76  8:04  Orbital Command  
  76  8:05  SCV  
  71  8:12  SCV  
  72  8:16  Marine  
  72  8:17  SCV, Marine x4  
  67  8:24  SCV  
  65  8:29  SCV  
  66  8:34  Marine x2  
  66  8:35  Marine x3  
  66  8:36  SCV  
  66  8:37  Starport Reactor  
  66  8:38  Supply Depot  
  72  8:43  Supply Depot x2, Marine x3  
  75  8:49  Supply Depot  
  75  8:52  Marine x3  
  75  8:53  Marine  
  75  8:55  Marine  
  79  8:58  SCV x3  
  79  9:01  Marine x2  
  85  9:03  Barracks Reactor  
  81  9:10  SCV x3, Marine  
Tags
 
Add a new tag
Caveats
  • Supply blocks, unpowered buildings, or Contaminate may cause inaccurate times.
  • Supply counts are checked every 10 seconds.